 Dungeon Crawl Stone Soup version 0.30.1-9-gdf580d7c3d (webtiles) character file.

Game seed: 6243709983314469313

78 lonewolfV2 the Chopper (level 4, -5/45 HPs)
             Began as an Ogre Gladiator on Sept 27, 2023.
             Killed from afar by an orc wizard (10 damage)
             ... with a puff of flame
             ... on level 2 of the Dungeon.
             The game lasted 00:01:56 (1289 turns).

lonewolfV2 the Chopper (Ogre Gladiator)             Turns: 1289, Time: 00:01:57

Health: -5/45      AC:  5    Str: 24    XL:     4   Next: 36%
Magic:  4/4        EV: 10    Int: 15    God:
Gold:   101        SH:  0    Dex: 10    Spells: 3/3 levels left

rFire   . . .        a - +0 war axe
rCold   x . .        (no shield)
rNeg    . . .        b - +0 robe
rPois   .            c - +0 hat
rElec   .            m - +1 cloak of the Saviour {+Blink +Inv rC- Str+4}
rCorr   .            (gloves unavailable)
SInv    .            (boots unavailable)
Will    .....        (no amulet)
Stlth   +            h - +6 ring of intelligence
HPRegen 0.27/turn    (no ring)
MPRegen 0.09/turn

%: no passive effects
@: no status effects
A: large, unfitting armour, tough skin 1
a: Evoke Blink, Evoke Invisibility


You were on level 2 of the Dungeon.
You visited 1 branch of the dungeon, and saw 2 of its levels.

You collected 101 gold pieces.

Inventory:

Hand Weapons
 a - a +0 war axe (weapon)
Missiles
 d - 3 throwing nets (quivered)
 e - a large rock
Armour
 b - a +0 robe (worn)
 c - a +0 hat (worn)
 m - the +1 cloak of the Saviour (worn) {+Blink +Inv rC- Str+4}
   (You found it on level 1 of the Dungeon)

   Str:       It affects your strength (+4).
   rC:        It makes you vulnerable to cold.
   +Inv:      It lets you turn invisible.
   +Blink:    It lets you blink.
Jewellery
 h - a +6 ring of intelligence (left hand)
 l - a +5 ring of evasion
Potions
 f - a potion of ambrosia
 g - a potion of cancellation {unknown}
 i - a potion of brilliance {unknown}
 j - a potion of curing {unknown}


   Skills:
 + Level 3.5 Fighting
 + Level 3.9 Axes
 + Level 2.1 Throwing
 + Level 3.3 Dodging
 + Level 0.2 Stealth


You had 3 spell levels left.
You didn't know any spells.
Your spell library contained the following spells:

 Spells                   Type           Power      Damage    Failure   Level
 Ozocubu's Armour         Ice            0%         N/A       63%         3
 Ozocubu's Refrigeration  Ice            0%         4d7       100%        7


Dungeon Overview and Level Annotations

Branches:
Dungeon (2/15)

Altars:


Innate Abilities, Weirdness & Mutations

You are too large for most types of armour.
You have tough skin. (AC +1)


Message History

Pain shoots through your body!
* * * LOW HITPOINT WARNING * * *
You completely miss the orc priest.
The orc priest is heavily wounded.
The orc priest barely misses you.
You barely miss the orc priest.
The orc priest is heavily wounded.
The orc priest hits you with a +0 short sword.
* * * LOW HITPOINT WARNING * * *
You slash the orc priest!
The orc priest is almost dead.
The orc priest hits you with a +0 short sword.
* * * LOW HITPOINT WARNING * * *
The orc priest casts a cantrip, but nothing happens.
You slash the orc priest!
You kill the orc priest!
You hear some strange, mumbled words.
You are confused.
You have reached level 4!
You bump into the rock wall.
An orc wizard appears from thin air!
Reactivating autopickup.
You miss the orc wizard.
The orc wizard hits you with a +0 dagger.
* * * LOW HITPOINT WARNING * * *
You bump into the rock wall.
The orc wizard hits you with a +0 dagger.
* * * LOW HITPOINT WARNING * * *
You bump into the rock wall.
The orc wizard hits you but does no damage.
You closely miss the orc wizard.
The orc wizard hits you but does no damage.
The orc wizard points at you and mumbles some strange words.
The magic dart hits you.
* * * LOW HITPOINT WARNING * * *
You bump into the rock wall.
You feel less confused.
The rat twitches its whiskers.
The orc wizard points at you and mumbles some strange words.
The puff of flame hits you!
You die...

.~~..~........# #.# #.#
~....~..#....####.# #.#
...~~...#.........######.####
..~~....#....###..#....#.....
~~~~###.#..>.[..†.#.##.######
~~~# #<....#r###.##.##.# #.
### #####.#.# #.##.##.#####.
..#)# #.##.#..#...#. ####@#
#.##.#.##.#.#.
#o###.##.#......#.
#.#........##.###.
#.#.#†##.#.##.# #.
#.#.#..#.#.##.# #.
..#.##.#.#.[..# #.
###.##.#.###### #. #.##.#.#
#. #.#..#.# #.


You could see an orc wizard and a rat.

Vanquished Creatures
  An orc priest (D:2)
  An adder (D:2)
  3 orcs (D:2)
  3 endoplasms (D:1)
  2 goblins (D:1)
  5 hobgoblins
  8 jackals
  3 ball pythons (D:2)
  4 bats (D:1)
  A kobold (D:1)
  3 rats (D:1)
34 creatures vanquished.

Notes
Turn   | Place    | Note
-------+----------+-------------------------------------------
     0 | D:1      | lonewolfV2 the Ogre Gladiator began the quest for the Orb.
     0 | D:1      | Reached XP level 1. HP: 22/22 MP: 1/1
   154 | D:1      | Reached XP level 2. HP: 4/29 MP: 2/2
   593 | D:1      | Found a faded altar of an unknown god.
   857 | D:1      | Identified the +1 cloak of the Saviour {+Blink +Inv rC-
                  | Str+4}
   952 | D:2      | Reached XP level 3. HP: 32/37 MP: 3/3
  1284 | D:2      | Reached XP level 4. HP: 10/45 MP: 4/4
  1289 | D:2      | Killed from afar by an orc wizard

Illustrated notes

Levels and vault maps discovered:
D:1:      dpeg_arrival_connections, layout_basic,
          hellmonk_ecumenical_altar_slurped_away, minivault_5
D:2:      cheibrodos_helix_gallery, layout_basic

Skill      XL: |  1  2 |
---------------+-------+-----
Dodging        | 3 |  3.3
Fighting       | 3 |  3.5
Axes           | |  3.9
Throwing       | |  2.1
Stealth        | |  0.2

Action                     |  1- 3 |  4- 6 || total
---------------------------+-------+-------++-------
  Melee: War axe           |   101 |     2 ||   103
         Punch             |     1 |       ||     1
    Use: Scroll            |     2 |       ||     2
 Armour: Robe              |    58 |     2 ||    60
  Dodge: Dodged            |    92 |       ||    92
